 Dungeon Crawl Stone Soup version 0.28-a0-1404-g4df0f3684d (webtiles) character file.

Game seed: 11107090160386026705

33 fragbeetle the Insei (level 3, 0/29 HPs)
             Began as a Draconian Transmuter on Jan 5, 2022.
             Was a Follower of Okawaru.
             Slain by a jackal (2 damage)
             ... on level 2 of the Dungeon.
             The game lasted 00:02:00 (1620 turns).

fragbeetle the Insei (Draconian Transmuter)         Turns: 1620, Time: 00:02:01

Health: 0/29       AC:  5    Str: 12    XL:     3   Next: 12%
Magic:  6/6        EV: 12    Int: 13    God:    Okawaru [*.....]
Gold:   83         SH:  0    Dex: 13    Spells: 5/6 levels left

rFire   . . .      SeeInvis .     - Unarmed
rCold   . . .      Faith    .   (no shield)
rNeg    . . .      Spirit   .   (armour unavailable)
rPois   .          Reflect  .   (helmet restricted)
rElec   .          Harm     .   (no cloak)
rCorr   .          Rampage  .   (no gloves)
Will    .....                   (no boots)
Stlth   +.........              (no amulet)
HPRegen 0.09/turn               (no ring)
MPRegen 0.10/turn               (no ring)

@: no status effects
A: AC +5, unfitting armour, cold-blooded
a: Renounce Religion, Heroism


You were on level 2 of the Dungeon.
You worshipped Okawaru.
Okawaru was aware of your devotion.
You visited 1 branch of the dungeon, and saw 2 of its levels.

You collected 83 gold pieces.

Inventory:

Hand Weapons
 a - a +1 rapier of distortion
Missiles
 b - 22 stones
Scrolls
 c - a scroll of identify {unknown}


   Skills:
 + Level 1.7 Fighting
 + Level 2.1 Dodging
 * Level 3.4 Unarmed Combat
 - Level 2.0 Spellcasting
 * Level 2.5 Transmutations


You had 5 spell levels left.
You knew the following spells:

 Your Spells              Type           Power      Damage    Failure   Level
a - Beastly Appendage     Tmut           16%        N/A       9%          1

Your spell library contained the following spells:

 Spells                   Type           Power      Damage    Failure   Level
 Wereblood                Tmut           8%         N/A       13%         2
 Shock                    Conj/Air       4%         1d3       26%         1
 Spider Form              Tmut/Pois      4%         N/A       41%         3
 Swiftness                Air            1%         N/A       58%         3
 Ice Form                 Ice/Tmut       4%         N/A       83%         4
 Airstrike                Air            0%         N/A       94%         4


Dungeon Overview and Level Annotations

Branches:
Dungeon (2/15)

Altars:
Okawaru


Innate Abilities, Weirdness & Mutations

Your plain brown scales are hard. (AC +5)
You cannot fit into any form of body armour.
You are cold-blooded and may be slowed by cold attacks.


Message History

The jackal barely misses you. The jackal bites you.
The jackal bites you but does no damage.
You barely miss the adder. Your headbutt misses the adder.
Your tail-slap misses the adder.
You feel sick. The adder closely misses you.
The jackal bites you but does no damage.
The jackal barely misses you. x2
A worm comes into view.
You barely miss the adder. Your kick misses the adder.
Your headbutt misses the adder.
You feel sick. The jackal barely misses you. x2
The adder closely misses you. The jackal barely misses you.
The jackal bites you but does no damage.
The adder bites you.
The jackal bites you but does no damage.
The jackal bites you.
* * * LOW HITPOINT WARNING * * *
You barely miss the adder. Your kick misses the adder.
You feel sick. The jackal closely misses you. The jackal misses you.
The adder barely misses you. The jackal closely misses you.
You hit the adder but do no damage. Your kick misses the adder.
Your tail-slap misses the adder.
Your horns disappear.
Your talons disappear.
You feel sick.
You are no longer poisoned.
The jackal misses you. The jackal barely misses you.
The jackal bites you but does no damage.
The adder barely misses you.
The jackal bites you but does no damage.
The jackal bites you.
* * * LOW HITPOINT WARNING * * *
It was a potion of magic.
Magic courses through your body.
The jackal bites you but does no damage.
The adder completely misses you. The jackal bites you.
* * * LOW HITPOINT WARNING * * *
The jackal barely misses you.
The jackal bites you but does no damage.
The adder bites you but does no damage.
You hit the adder.
The adder is lightly wounded.
The jackal bites you.
You die...

#.........# #............
.#..... ...###............
.......##.................
...g......................
..........................
............##............
#.w.)..gh..##............
#.....##hh.##............
...######@hw##........####
........S.................
.........................
.........................
...w..................###
......................# #
...........###........#
...........# ####.....#
...........# #.....#


You could see 2 worms, an adder, 4 jackals and a goblin.

Vanquished Creatures
  An adder (D:2)
  A worm (D:2)
  3 ball pythons (D:1)
  2 bats
  An endoplasm (D:2)
  A goblin (D:1)
  4 hobgoblins
  2 quokkas
  A frilled lizard (D:2)
  3 rats (D:1)
19 creatures vanquished.

Notes
Turn   | Place    | Note
-------+----------+-------------------------------------------
     0 | D:1      | fragbeetle the Draconian Transmuter began the quest for the
                  | Orb.
     0 | D:1      | Reached XP level 1. HP: 16/16 MP: 3/3
   420 | D:1      | Reached XP level 2. HP: 23/23 MP: 3/5
   894 | D:1      | Found a faded altar of an unknown god.
  1114 | D:1      | Prayed at the altar of an unknown god.
  1114 | D:1      | Became a worshipper of Warmaster Okawaru
  1114 | D:1      | Reached * piety under Okawaru
  1318 | D:2      | Identified the +2 leather armour "Utunn" {rC++ Str-4 Dex+6}
  1457 | D:2      | Reached XP level 3. HP: 22/29 MP: 4/6
  1620 | D:2      | Slain by a jackal

Illustrated notes

Levels and vault maps discovered:
D:1:      dpeg_arrival_windows_large_door, layout_basic,
          chequers_ecumenical_altar_twisty, chequers_serial_rivers_small_a
D:2:      layout_basic, uniq_sigmund

Skill      XL: |  1  2 |
---------------+-------+-----
Dodging        | 2 |  2.1
Fighting       | |  1.7
Unarmed Combat | |  3.4
Spellcasting   | |  2.0
Transmutations | |  2.5

Action                   || total
-------------------------++-------
Melee: Unarmed           ||    58
       Kick              ||    10
       Headbutt          ||     6
       Tailslap          ||     2
       Punch             ||     1
 Cast: Beastly Appendage ||    18
  Use: Potion            ||     1
 Stab: Sleeping          ||     1
Armor: Skin              ||    33
Dodge: Dodged            ||    66

Table legend: (Time is in decaauts)
 A = Elapsed time spent in this place.
 B = Non-inter-level travel time spent in this place.
 C = Inter-level travel time spent in this place.
 D = Time resting spent in this place.
 E = Time spent auto-exploring this place.
 F = Levels seen in this place.
 G = Mean time per level.
                   A        B        C        D        E       F      G
               +--------+--------+--------+--------+--------+-----+--------+
         Total |   1617 |   1534 |     83 |      0 |   1339 |   2 |  808.5 |
       Dungeon |   1617 |   1534 |     83 |      0 |   1339 |   2 |  808.5 |
               +--------+--------+--------+--------+--------+-----+--------+

Top non-repeatable levels by time:
     D:1: 1158 daAuts
     D:2: 458 daAuts
